AoeStats
← dbriscik aka Bor

Hideout

507681486Analyzed
1v1 RM · 12d ago on Sep 19, 2026· 63m 6s· 2 players
Game mode
Random Map
Map size
Tiny (2 player)
Population
200
Speed
Normal
Resources
Standard
Victory
Conquest
Starting age
Dark Age
Ending age
Imperial Age
RankedLock teamsTeams togetherTeam positionsShared explorationLock speedFull tech treeHidden civsTurbo modeCheats
Victory
Defeat
🇸🇮 Hindustanis · Slovenia
913
+16
🇨🇳 Vikings · China
903
-16
黑色的广告
11:15 Feudal Age
14:58 Castle Age
13:44 Double-Bit Axe
20:20 Loom
21:10 Horse Collar
24:36 Gold Mining
26:18 Town Watch
29:50 Imperial Age
27:41 Fletching
27:52 Scale Mail Armor
28:04 Forging
28:05 Heavy Plow
28:23 Bow Saw
29:04 Gold Shaft Mining
29:20 Stone Mining
29:12 Man-at-Arms
30:11 Chain Mail Armor
29:52 Bodkin Arrow
30:34 Padded Archer Armor
30:42 Gambesons
31:00 Squires
30:48 Arson
30:46 Crossbowman
31:51 Ballistics
31:13 Treadmill Crane
32:52 Two-Man Saw
31:24 Long Swordsman
32:38 Plate Mail Armor
32:44 Iron Casting
32:06 Two-Handed Swordsman
33:24 Crop Rotation
33:38 Conscription
33:56 Arbalester
34:12 Champion
35:51 Capped Ram
38:12 Chemistry
37:23 Masonry
36:48 Siege Ram
39:33 Chieftains
40:55 Blast Furnace
39:56 Bracer
41:21 Hoardings
51:21 Bogsveigar
55:13 Onager
58:02 Architecture
57:38 Siege Engineers
59:39 Heavy Scorpion
61:47 Pikeman
dbriscik aka Bor
13:57 Feudal Age
14:25 Town Watch
15:15 Wheelbarrow
23:56 Castle Age
22:03 Stone Mining
23:13 Gold Mining
23:04 Horse Collar
23:12 Double-Bit Axe
25:36 Fortified Wall
26:21 Bow Saw
28:20 Hand Cart
28:37 Heavy Plow
33:17 Gold Shaft Mining
37:54 Imperial Age
35:42 Murder Holes
37:13 Ballistics
37:04 Masonry
37:06 Forging
36:57 Scale Mail Armor
36:48 Fletching
37:05 Scale Barding Armor
37:04 Town Patrol
39:15 Iron Casting
38:56 Chain Mail Armor
40:06 Chemistry
39:45 Onager
42:38 Conscription
44:11 Two-Man Saw
43:50 Bodkin Arrow
45:05 Siege Engineers
45:09 Bracer
46:10 Blast Furnace
46:44 Shatagni
52:59 Elite Ghulam
56:58 Pikeman
57:38 Squires
58:27 Elite Skirmisher
62:37 Husbandry
62:07 Heavy Camel Rider
Connection lost

Rejoining the realm…

Still unreachable

The connection could not be restored.

Session expired

The server has moved on; the page needs a fresh start.